Map: Frozen Temple

Players

IIIIIIIIIIII

  • Race: Terran Terran
  • League: Grandmaster

Miszu - Winner!

  • Race: Terran Terran
  • League: Master

VOD

Have the link to the VOD?

Description

Time

  • Played on: April 30, 2016, 5:10 p.m.
  • Length: 3:53
Show
View Real Time Build Order
Export as new Build Order

IIIIIIIIIIII Terran 

Build Orders:  

Get SALT Encoding   

  12  0:01  SCV  
  13  0:14  Supply Depot  
  13  0:31  Refinery  
  13  0:43  Barracks  
  13  0:56  Barracks  
  13  1:18  Refinery  
  13  1:30  Reaper, Barracks  
  14  1:44  Reaper  
  15  2:02  Reaper  
  15  2:16  Reaper  
  15  2:22  Reaper  
  17  2:34  Reaper  
  17  3:01  Reaper x2  
  19  3:13  Reaper  
Show
View Real Time Build Order
Export as new Build Order

Miszu Terran - Winner!

Build Orders:  

Get SALT Encoding   

  12  0:00  SCV  
  13  0:12  SCV  
  14  0:17  Supply Depot  
  14  0:24  SCV  
  14  0:27  Refinery  
  15  0:39  SCV  
  16  0:45  Barracks  
  16  0:51  SCV  
  16  0:55  Refinery  
  17  1:03  SCV  
  18  1:15  SCV  
  19  1:28  SCV  
  19  1:32  Factory  
  20  1:33  Reaper  
  21  1:43  Orbital Command  
  21  1:51  Supply Depot  
  21  2:05  Reaper  
  22  2:21  Hellion  
  22  2:37  Reaper  
  23  2:46  Hellion  
  24  3:00  Starport  
  24  3:01  SCV  
  25  3:09  Reaper  
  25  3:15  Hellion  
  24  3:26  SCV  
  25  3:38  SCV  
Tags
 
Add a new tag
Caveats
  • Supply blocks, unpowered buildings, or Contaminate may cause inaccurate times.
  • Supply counts are checked every 10 seconds.